AoeStats
← DifferentPerson

Hideout

509448654Analyzed
1v1 RM · 5d ago on Sep 26, 2026· 50m 47s· 2 players
Game mode
Random Map
Map size
Tiny (2 player)
Population
200
Speed
Normal
Resources
Standard
Victory
Conquest
Starting age
Dark Age
Ending age
Imperial Age
RankedLock teamsTeams togetherTeam positionsShared explorationLock speedFull tech treeHidden civsTurbo modeCheats
Victory
Defeat
🇳🇱 Magyars · Netherlands
965
+17
🇬🇧 Teutons · United Kingdom
986
-17
Zarbolan
8:36 Loom
10:30 Feudal Age
15:40 Castle Age
14:15 Double-Bit Axe
14:44 Fletching
15:15 Horse Collar
17:03 Bodkin Arrow
18:58 Padded Archer Armor
19:33 Bow Saw
22:38 Wheelbarrow
22:32 Thumb Ring
22:57 Leather Archer Armor
27:18 Gold Mining
28:08 Heavy Plow
29:57 Ballistics
30:01 Husbandry
30:12 Bloodlines
30:14 Scale Barding Armor
30:40 Light Cavalry
31:41 Hand Cart
33:45 Chain Barding Armor
37:20 Imperial Age
38:37 Ring Archer Armor
39:08 Parthian Tactics
39:15 Bracer
39:16 Hussar
41:52 Two-Man Saw
42:32 Plate Barding Armor
42:22 Conscription
42:03 Recurve Bow
42:52 Heavy Cavalry Archer
48:00 Chemistry
47:11 Masonry
50:31 Crop Rotation
DifferentPerson
7:22 Loom
10:26 Feudal Age
10:56 Double-Bit Axe
10:54 Horse Collar
16:56 Castle Age
17:23 Bloodlines
18:06 Bow Saw
18:12 Scale Barding Armor
19:15 Stone Mining
21:47 Chain Barding Armor
23:02 Forging
25:20 Fletching
26:08 Elite Skirmisher
26:53 Bodkin Arrow
29:07 Padded Archer Armor
31:18 Wheelbarrow
31:27 Town Watch
33:18 Heavy Plow
36:56 Imperial Age
35:16 Hand Cart
36:08 Ballistics
35:59 Masonry
37:53 Atonement
39:52 Chemistry
38:50 Cavalier
40:07 Plate Barding Armor
41:18 Iron Casting
40:42 Paladin
43:25 Leather Archer Armor
45:20 Conscription
46:02 Siege Engineers
Connection lost

Rejoining the realm…

Still unreachable

The connection could not be restored.

Session expired

The server has moved on; the page needs a fresh start.